 Dungeon Crawl Stone Soup version 0.29.0-4-gdea44cf6ec (webtiles) character file.

Game seed: 7378596351834000499

70 qw the Chopper (level 4, -7/26 HPs)
             Began as a Tengu Warper on Aug 28, 2022.
             Killed by divine providence
             ... invoked by an orc priest
              (12 damage)
             ... on level 3 of the Dungeon.
             The game lasted 00:00:10 (2045 turns).

qw the Chopper (Tengu Warper)                       Turns: 2045, Time: 00:00:10

Health: -7/26      AC:  8    Str: 13    XL:     4   Next: 22%
Magic:  8/8        EV:  6    Int: 14    God:
Gold:   174        SH:  0    Dex: 13    Spells: 7/7 levels left

rFire   . . .      SeeInvis .   Y - +1 hand axe
rCold   . . .      Faith    .   (no shield)
rNeg    . . .      Spirit   .   h - +0 chain mail
rPois   .          Reflect  .   (helmet restricted)
rElec   .          Harm     .   (no cloak)
rCorr   .          Rampage  .   (no gloves)
Will    .....                   (boots unavailable)
Stlth   ..........              d - amulet of regeneration
HPRegen 0.88/turn               (no ring)
MPRegen 0.11/turn               (no ring)

@: about to teleport
A: beak, talons 3
a: no special abilities


You were on level 3 of the Dungeon.
You visited 1 branch of the dungeon, and saw 3 of its levels.

You collected 174 gold pieces.


Innate Abilities, Weirdness & Mutations

You have a beak for a mouth.
You have claws for feet.


   Skills:
 - Level 2.0 Fighting
 + Level 4.8 Axes
 - Level 1.0 Throwing
 - Level 1.1 Armour
 - Level 2.1 Dodging
 - Level 2.0 Spellcasting
 - Level 2.4 Translocations


You had 7 spell levels left.
You didn't know any spells.
Your spell library contained the following spells:

 Spells                   Type           Power      Damage    Failure   Level
 Blink                    Tloc           16%        N/A       99%         2
 Gell's Gravitas          Tloc           8%         N/A       100%        3
 Lesser Beckoning         Tloc           8%         N/A       100%        3
 Teleport Other           Tloc           8%         N/A       100%        3
 Manifold Assault         Tloc           8%         N/A       100%        5

Inventory:

Hand Weapons
 l - a +0 flail
 Y - a +1 hand axe (weapon)
Armour
 h - a +0 chain mail (worn)
Jewellery
 d - an amulet of regeneration (around neck)
Scrolls
 a - a scroll of identify
Potions
 e - a potion of haste
 g - a potion of heal wounds {unknown}

Dungeon Overview and Level Annotations

Branches:
Dungeon (3/15)

Altars:


Message History

2033 ||| FLEEEEING.
2034 ||| FLEEEEING.
An orc comes into view. It is wielding a +0 hand axe.
The orc shouts!
You hit the orc. Your kick misses the orc.
The orc is lightly wounded.
The orc hits you with a +0 flail.
You hit the orc but do no damage. You claw the orc, but do no damage.
The orc is lightly wounded.
The orc barely misses you.
The orc priest calls upon Beogh to heal the orc.
The orc's wounds heal themselves!
You hit the orc. You claw the orc.
The orc is heavily wounded.
The orc hits you with a +0 flail.
The orc priest miscasts a cantrip.
You hit the orc. You claw the orc.
You kill the orc!
You closely miss the orc. The orc hits you but does no damage.
You barely miss the orc priest. You hit the orc.
The orc priest hits you with a +0 flail.
The orc hits you with a +0 hand axe.
You hit the orc but do no damage. Your kick misses the orc.
You peck the orc, but do no damage.
The orc is moderately wounded.
You hit the orc priest.
The orc priest hits you with a +0 flail.
The orc hits you with a +0 hand axe.
You hit the orc priest. Your kick misses the orc priest.
The orc priest is severely wounded.
You hit the orc but do no damage.
The orc priest hits you with a +0 flail.
The orc hits you but does no damage.
2045 ||| READING scroll of teleportation.
As you read the scroll of teleportation, it crumbles to dust.
You feel strangely unstable.
The orc priest mumbles some strange prayers to Beogh against you.
Beogh smites you!
You die...

####........##.. ..#
#................#
...
....##............
..(
.......##.#.#.####
#.# #.#.......#.#.#
#.# #.#########.#.#
#o# #.# #.#.# #)# #o#
#.#.# #o# #@#
#######.#.# #.# #o#
#......#..#
#.#####.###.#####.###
#.o.o.............#
###################


You could see an orc priest and an orc.

Vanquished Creatures
  3 adders
  A dart slug (D:2)
  An orc (D:3)
  4 bats (D:1)
  An endoplasm (D:1)
  6 goblins
  5 hobgoblins
  5 kobolds
  2 quokkas (D:1)
  5 ball pythons
  A frilled lizard (D:1)
  4 rats
38 creatures vanquished.

Notes
Turn   | Place    | Note
-------+----------+-------------------------------------------
     0 | D:1      | qw the Tengu Warper began the quest for the Orb.
     0 | D:1      | Reached XP level 1. HP: 12/12 MP: 4/4
     0 | D:1      | 0 ||| qw: Version: 0.1-a-89-g26bdef1
     0 | D:1      | 0 ||| qw: Game counter: 420
     0 | D:1      | 0 ||| qw: Always use a shield: true
     0 | D:1      | 0 ||| qw: God list: Okawaru
     0 | D:1      | 0 ||| qw: Allow faded altars: false
     0 | D:1      | 0 ||| qw: Do Orc after D:15 true
     0 | D:1      | 0 ||| qw: Do second Lair branch before Depths: true
     0 | D:1      | 0 ||| qw: Lair rune preference: random
     0 | D:1      | 0 ||| qw: Plans: Normal
     0 | D:1      | 0 ||| PLANNING D:1-11
   100 | D:1      | 100 ||| Stepping ~*~*~tactically~*~*~ (stealth).
   103 | D:1      | 103 ||| Stepping ~*~*~tactically~*~*~ (stealth).
   112 | D:1      | Reached skill level 3 in Axes
   112 | D:1      | Reached XP level 2. HP: 17/17 MP: 6/6
   160 | D:1      | 160 ||| Stepping ~*~*~tactically~*~*~ (stealth).
   166 | D:1      | 166 ||| Stepping ~*~*~tactically~*~*~ (stealth).
  1054 | D:1      | Reached XP level 3. HP: 21/21 MP: 7/7
  1201 | D:1      | 1201 ||| UPGRADING to +0 chain mail.
  1211 | D:1      | 1211 ||| DROPPING +0 leather armour.
  1212 | D:1      | 1212 ||| UPGRADING to amulet of regeneration.
  1217 | D:1      | 1217 ||| DROPPING scroll of blinking.
  1310 | D:2      | 1310 ||| Stepping ~*~*~tactically~*~*~ (stealth).
  1311 | D:2      | 1311 ||| Stepping ~*~*~tactically~*~*~ (stealth).
  1355 | D:2      | Reached skill level 4 in Axes
  1367 | D:2      | 1367 ||| DROPPING +0 club.
  1387 | D:2      | 1387 ||| Stepping ~*~*~tactically~*~*~ (hiding).
  1548 | D:2      | Found a faded altar of an unknown god.
  1748 | D:2      | 1748 ||| DROPPING +0 whip.
  1922 | D:2      | 1922 ||| READING 2 scrolls labelled NAFFORCHELEG.
  1923 | D:2      | 1923 ||| READING scroll labelled JEUP ALENK.
  1924 | D:2      | 1924 ||| READING scroll labelled FUPPYB SIUSO.
  1928 | D:2      | 1928 ||| READING scroll labelled BUESTA XUEDWAI.
  1929 | D:2      | 1929 ||| READING scroll labelled COIGRA JIHITUH.
  1930 | D:2      | 1930 ||| READING 3 scrolls labelled HOTSONWOJY.
  1931 | D:2      | 1931 ||| DRINKING 2 fizzy black potions.
  1932 | D:2      | 1932 ||| DROPPING 2 scrolls of magic mapping.
  1970 | D:3      | Reached XP level 4. HP: 26/26 MP: 8/8
  2026 | D:3      | 2026 ||| FLEEEEING.
  2027 | D:3      | 2027 ||| FLEEEEING.
  2028 | D:3      | 2028 ||| FLEEEEING.
  2029 | D:3      | 2029 ||| FLEEEEING.
  2031 | D:3      | 2031 ||| FLEEEEING.
  2032 | D:3      | 2032 ||| FLEEEEING.
  2033 | D:3      | 2033 ||| FLEEEEING.
  2034 | D:3      | 2034 ||| FLEEEEING.
  2044 | D:3      | HP: 4/26 [orc priest/+0 flail (6)]
  2045 | D:3      | 2045 ||| READING scroll of teleportation.
  2045 | D:3      | Killed from afar by an orc priest

Levels and vault maps discovered:
D:1:      matt_arrival_diagonals, layout_loops_ring
D:2:      layout_basic, chequers_ecumenical_altar_island
D:3:      layout_loops_ring, serial_shops, shop, uniq_sigmund

Skill      XL: |  1  2  3 |
---------------+----------+-----
Axes           | 3 4 |  4.8
Fighting       | |  2.0
Throwing       | |  1.0
Armour         | |  1.1
Dodging        | |  2.1
Spellcasting   | |  2.0
Translocations | |  2.4

Action                   |  1- 3 |  4- 6 || total
-------------------------+-------+-------++-------
Melee: Hand axe          |    93 |    14 ||   107
       Kick              |    14 |     5 ||    19
       Peck              |    11 |     2 ||    13
Throw: Boomerang         |     7 |       ||     7
  Use: Scroll            |     6 |     1 ||     7
       Potion            |     1 |       ||     1
Armor: Leather armour    |    19 |       ||    19
       Chain mail        |    15 |     5 ||    20
Dodge: Dodged            |    42 |     5 ||    47

Table legend:
 A = Non-vault XP
 B = Vault XP
 C = Vault XP percentage of total XP
 D = Non-vault monster count
 E = Vault monster count
 F = Vault count percentage of total count
                 A         B        C        D         E       F
            +---------+---------+-------+---------+---------+-------
      Total |     101 |       0 |   0.0 |      38 |       0 |   0.0
            +---------+---------+-------+---------+---------+-------
        D:1 |      40 |       0 |   0.0 |      23 |       0 |   0.0
        D:2 |      40 |       0 |   0.0 |      10 |       0 |   0.0
        D:3 |      21 |       0 |   0.0 |       5 |       0 |   0.0
            +---------+---------+-------+---------+---------+-------
